 Dungeon Crawl Stone Soup version 0.30.1-9-gdf580d7c3d (webtiles) character file.

Game seed: 7045006857411128676

16 Atelerd the Digger (level 2, -2/17 HPs)
             Began as an Octopode Earth Elementalist on Sept 25, 2023.
             Slain by a jackal (3 damage)
             ... on level 1 of the Dungeon.
             The game lasted 00:00:18 (264 turns).

Atelerd the Digger (Octopode Earth Elementalist)     Turns: 264, Time: 00:00:19

Health: -2/17      AC:  1    Str:  7    XL:     2   Next: 58%
Magic:  0/5        EV: 13    Int: 17    God:
Gold:   20         SH:  0    Dex: 12    Spells: 4/5 levels left

rFire   . . .        b - +0 dagger
rCold   . . .        (no shield)
rNeg    . . .        (helmet restricted)
rPois   .            (no amulet)
rElec   .            (no ring)
rCorr   .            (no ring)
SInv    .            (no ring)
Will    .....        (no ring)
Stlth   +++          (no ring)
HPRegen 0.22/turn    (no ring)
MPRegen 0.09/turn    (no ring)
                     (no ring)

%: no passive effects
@: no status effects
A: almost no armour, amphibious, 8 rings, camouflage 1, gelatinous body 1,
(nimble swimmer 1), tentacles
a: no special abilities


You were on level 1 of the Dungeon.
You visited 1 branch of the dungeon, and saw 1 of its levels.

You collected 20 gold pieces.

Inventory:

Hand Weapons
 b - a +0 dagger (weapon)
Scrolls
 c - a scroll of teleportation {unknown}
Potions
 a - a potion of magic
 d - a potion of ambrosia {unknown}


   Skills:
 - Level 2.0 Dodging
 - Level 2.6 Stealth
 + Level 2.3 Spellcasting
 + Level 1.6 Transmutations
 + Level 3.3 Earth Magic


You had 4 spell levels left.
You knew the following spells:

 Your Spells              Type           Power      Damage    Failure   Level
a - Sandblast             Erth           26%        2d8       4%          1

Your spell library contained the following spells:

 Spells                   Type           Power      Damage    Failure   Level
 Passwall                 Tmut/Erth      8%         N/A       11%         2
 Apportation              Tloc           2%         N/A       19%         1
 Stone Arrow              Conj/Erth      14%        3d7       28%         3
 Petrify                  Tmut/Erth      10%        N/A       56%         4
 Alistair's Intoxication  Tmut/Pois      2%         N/A       98%         5


Dungeon Overview and Level Annotations

Branches:
Dungeon (1/15)

Altars:


Innate Abilities, Weirdness & Mutations

You cannot wear most types of armour.
You are amphibious.
You can wear up to eight rings at the same time.
Your skin changes colour to match your surroundings (Stealth+).
Your rubbery body absorbs attacks. (AC +1, EV +1)
((You are camouflaged when in or above water. (Stealth+)))
You have tentacles for arms and can constrict up to eight enemies at once.


Message History

The blast of sand hits the endoplasm!
You kill the endoplasm!
A giant cockroach comes into view.
Found a sling and 12 gold pieces.
A rat comes into view.
Found a fizzy grey potion.
The blast of sand hits the giant cockroach.
The giant cockroach is severely wounded.
The giant cockroach barely misses you. The jackal barely misses you.
The blast of sand hits the giant cockroach.
You kill the giant cockroach!
The jackal bites you. x2; The jackal closely misses you.
The rat bites you.
The blast of sand hits the jackal.
The jackal is moderately wounded.
The jackal closely misses you. The jackal completely misses you.
The rat closely misses you. The jackal barely misses you. The jackal bites you.
You are too injured to fight recklessly!
You are too injured to fight recklessly!
You are too injured to fight recklessly!
You hit the rat.
You kill the rat!
The jackal bites you.
* * * LOW HITPOINT WARNING * * *
The jackal closely misses you. The jackal attacks as you move away!
The jackal misses you.
Found a bubbling emerald potion.
The jackal bites you.
* * * LOW HITPOINT WARNING * * *
Things that are here:
a rat corpse; a giant cockroach corpse
Casting: Sandblast (safe; 4% risk of failure)
Confirm with . or Enter, or press ? or * to list all spells.
Aiming: Sandblast (safe; 4% risk of failure)
Press: ? - help, Shift-Dir - straight line, f/p - jackal
Aim: a jackal (moderately wounded, 77% to hit)
The blast of sand hits the jackal.
The jackal is almost dead.
The jackal bites you.
* * * LOW HITPOINT WARNING * * *
The jackal bites you.
You die...

>..........#
#.
......J#...#
#.
...w.......#
#.
.......##..#
#. .(.....
#..# ######
....... #w.#
...... .....##
#..# ######
.....####h.#.#
... #..@h...#
#..........#
..........##..
............#
.
.##)........#
#....$....#
#.!####.#.#
#.. !#.#


You could see a dart slug and 2 jackals.

Vanquished Creatures
  A bat (D:1)
  2 endoplasms (D:1)
  A giant cockroach (D:1)
  2 goblins (D:1)
  2 quokkas (D:1)
  2 ball pythons (D:1)
  A frilled lizard (D:1)
  4 rats (D:1)
15 creatures vanquished.

Notes
Turn   | Place    | Note
-------+----------+-------------------------------------------
     0 | D:1      | Atelerd the Octopode Earth Elementalist began the quest for
                  | the Orb.
     0 | D:1      | Reached XP level 1. HP: 11/11 MP: 3/3
    67 | D:1      | Reached XP level 2. HP: 17/17 MP: 1/5
   264 | D:1      | Slain by a jackal

Illustrated notes

Levels and vault maps discovered:
D:1:      saegor_arrival_simple_c, layout_basic

Action                     || total
---------------------------++-------
  Melee: Unarmed           ||     2
         Tentacles         ||     2
         Dagger            ||     2
         Constrict         ||     1
   Cast: Sandblast         ||    15
  Dodge: Dodged            ||    12
